 Dungeon Crawl Stone Soup version 0.31-a0-986-g5e6e4ef867 (webtiles) character file.

Game seed: 6073570282087946082

49 pokeman the Magician (level 3, -3/20 HPs)
             Began as a Deep Elf Hedge Wizard on Nov 18, 2023.
             Slain by Terence
             ... wielding a +2 hand axe of freezing
              (5 damage)
             ... on level 2 of the Dungeon.
             The game lasted 00:02:38 (1917 turns).

pokeman the Magician (Deep Elf Hedge Wizard)        Turns: 1917, Time: 00:02:39

Health: -3/20      AC:  3    Str:  7    XL:     3   Next: 51%
Magic:  1/11       EV: 12    Int: 20    God:
Gold:   51         SH:  0    Dex: 14    Spells: 4/12 levels left

rFire   . . .        a - +0 dagger
rCold   . . .        (no shield)
rNeg    . . .        b - +0 robe
rPois   .            j - +1 hat
rElec   .            (no cloak)
rCorr   .            (no gloves)
SInv    .            (no boots)
Will    .....        (no amulet)
Stlth   ++           (no ring)
HPRegen 0.23/turn    (no ring)
MPRegen 0.12/turn

%: no passive effects
@: very slightly contaminated
A: no striking features
a: no special abilities


You were on level 2 of the Dungeon.
You visited 1 branch of the dungeon, and saw 3 of its levels.

You collected 51 gold pieces.

Inventory:

Hand Weapons
 a - a +0 dagger (weapon)
Armour
 b - a +0 robe (worn)
 j - a +1 hat (worn)
Wands
 l - a wand of roots (5)
Scrolls
 c - 2 scrolls of immolation {unknown}
 f - 3 scrolls of identify {unknown}
 h - a scroll of fear {unknown}
 i - a scroll of fog {unknown}
 o - a scroll of torment {unknown}
Potions
 d - a potion of magic
 e - 2 potions of haste {unknown}
 g - 2 potions of degeneration {unknown}
 k - a potion of heal wounds {unknown}
 m - a potion of curing {unknown}
 n - a potion of resistance {unknown}


   Skills:
 - Level 1.0 Fighting
 - Level 1.0 Armour
 + Level 2.4 Dodging
 + Level 2.4 Stealth
 * Level 5.2 Spellcasting
 + Level 1.9 Conjurations
 - Level 1.1 Summonings
 - Level 1.1 Translocations


You had 4 spell levels left.
You knew the following spells:

 Your Spells              Type           Power      Damage    Failure   Level
a - Magic Dart            Conj           48%        1d5       5%          1
b - Mephitic Cloud        Conj/Pois/Air  7%         N/A       26%         3
c - Call Imp              Summ           18%        N/A       11%         2
d - Blink                 Tloc           18%        N/A       11%         2

Your spell library contained the following spells:

 Spells                   Type           Power      Damage    Failure   Level
 Slow                     Hex            20%        N/A       12%         1
 Cigotuvi's Dreadful Rot  Necr/Pois/Air  10%        N/A       17%         2


Dungeon Overview and Level Annotations

Branches:
Dungeon (3/15)

Altars:
Trog

Annotations:
D:2 Terence


Message History

The stinking cloud engulfs Terence but does no damage.
The stinking cloud engulfs you but does no damage.
Terence is engulfed in noxious fumes.
Terence appears confused.
Terence misses you.
Unknown command.
Unknown command.
You hit Terence but do no damage.
Terence is engulfed in noxious fumes.
Terence appears confused.
Terence hits you with a +2 hand axe of freezing.
Terence freezes you.
You catch the helpless Terence completely off-guard!
You hit Terence.
Terence is lightly wounded.
Terence is engulfed in noxious fumes.
Terence appears confused.
Terence closely misses you.
You strike the helpless Terence from behind!
You hit Terence.
Terence is moderately wounded.
Terence is engulfed in noxious fumes.
Terence appears confused.
You hit Terence but do no damage.
Terence is moderately wounded.
Terence misses you.
Casting: Mephitic Cloud (extremely dangerous; 26% risk of failure)
Confirm with . or Enter, or press ? or * to list all spells.
A tiny devil pulls itself out of the air.
Terence hits you with a +2 hand axe of freezing.
Terence freezes you.
You barely miss Terence.
Terence is moderately wounded.
Your cerulean imp hits Terence but does no damage.
Terence hits you with a +2 hand axe of freezing.
Terence freezes you.
You hit Terence but do no damage.
Terence is moderately wounded.
Your cerulean imp hits Terence but does no damage.
Terence hits you with a +2 hand axe of freezing!
Ouch! That really hurt!
* * * LOW HITPOINT WARNING * * *
Terence freezes you.
You die...

###..........#........##
###### #...(.)..............##
#..##.........##....##
...#...........#...###
...............#.#...##
.................###..#
..##........#.#.## ##.## #####
#.####..........#####[.# #...#
..# #.........@@5..##@###รท..#
..# #...#.#....###......#...#
#.## #.#.#.........#.........#
#..# #.................[.#...#
##.#####.#.###...##......#...#
##.......#....##.##......#...#
####.....................#...#
......####.....#>.#....#######
##............###......###


You could see Terence (confused, ally target) and a friendly cerulean imp
(summoned).

Vanquished Creatures
  An adder (D:2)
  3 ball pythons
  3 bats
  2 endoplasms
  2 giant cockroaches (D:1)
  4 goblins
  7 hobgoblins
  A jackal (D:2)
  4 kobolds
  2 quokkas (D:1)
  3 frilled lizards
  A rat (D:2)
33 creatures vanquished.

Notes
Turn   | Place    | Note
-------+----------+-------------------------------------------
     0 | D:1      | pokeman the Deep Elf Hedge Wizard began the quest for the
                  | Orb.
     0 | D:1      | Reached XP level 1. HP: 10/10 MP: 7/7
   322 | D:1      | Reached XP level 2. HP: 15/15 MP: 3/9
  1039 | D:1      | Reached skill level 5 in Spellcasting
  1218 | D:2      | Reached XP level 3. HP: 20/20 MP: 3/11
  1222 | D:2      | Learned a level 3 spell: Mephitic Cloud
  1225 | D:2      | Learned a level 2 spell: Call Imp
  1228 | D:2      | Learned a level 2 spell: Blink
  1315 | D:2      | Found a faded altar of an unknown god.
  1607 | D:2      | Reached skill level 1 in Fighting
  1607 | D:2      | Reached skill level 1 in Armour
  1758 | D:2      | Found a bloodstained altar of Trog.
  1806 | D:3      | Noticed Terence
  1917 | D:2      | Slain by Terence

Illustrated notes

Levels and vault maps discovered:
D:1:      dpeg_arrival_erosion, layout_loops_ring
D:2:      layout_rooms, shapermc_ecumenical_altar_mp_urbaneastern, basic_altar
D:3:      layout_rooms, elyvilon_altar_1, mainiacjoe_overflow_alcove_2,
          serial_shops, shop, uniq_terence, uniq_robin

Skill      XL: |  1  2  3 |
---------------+----------+-----
Spellcasting   | 5 |  5.2
Fighting       | 1 |  1.0
Armour         | 1 |  1.0
Dodging        | |  2.4
Stealth        | |  2.4
Conjurations   | |  1.9
Summonings     | |  1.1
Translocations | |  1.1

Action                     || total
---------------------------++-------
  Melee: Dagger            ||     8
   Cast: Magic Dart        ||    81
         Mephitic Cloud    ||     2
         Call Imp          ||     2
         Blink             ||     1
   Stab: Confused          ||     3
 Armour: Robe              ||    11
  Dodge: Dodged            ||    17

Table legend: (Time is in decaauts)
 A = Elapsed time spent in this place.
 B = Non-inter-level travel time spent in this place.
 C = Inter-level travel time spent in this place.
 D = Time resting spent in this place.
 E = Time spent auto-exploring this place.
 F = Levels seen in this place.
 G = Mean time per level.
                   A        B        C        D        E       F      G
               +--------+--------+--------+--------+--------+-----+--------+
         Total |   1917 |   1861 |     56 |     25 |   1590 |   3 |  639.0 |
       Dungeon |   1917 |   1861 |     56 |     25 |   1590 |   3 |  639.0 |
               +--------+--------+--------+--------+--------+-----+--------+

Top non-repeatable levels by time:
     D:1: 1171 daAuts
     D:2: 742 daAuts
     D:3: 3 daAuts
